 Dungeon Crawl Stone Soup version 0.31-a0-229-g1fc7ce93e2 (webtiles) character file.

Game seed: 14105987323461155320

5527 qw the Skirmisher (level 10, -8/65 HPs)
             Began as a Gargoyle Hexslinger on July 6, 2023.
             Was a Believer of Okawaru.
             Shot with an arrow by something (17 damage)
             ... on level 8 of the Dungeon.
             The game lasted 00:02:36 (6756 turns).

qw the Skirmisher (Gargoyle Hexslinger)             Turns: 6756, Time: 00:02:37

Health: -8/65      AC: 15    Str: 19    XL:     10   Next: 70%
Magic:  12/13      EV: 22    Int: 16    God:    Okawaru [**....]
Gold:   622        SH:  0    Dex: 30    Spells: 10/11 levels left

rFire   . . .        i - +3 arbalest "Qeuciuh" {speed, Int+3}
rCold   . . .        (shield currently unavailable)
rNeg    + . .        e - +0 troll leather armour
rPois   inf          (no helmet)
rElec   +            f - +0 cloak
rCorr   .            d - +0 pair of gloves of Miracles {Dex+8}
SInv    .            (no boots)
Will    .....        (no amulet)
Stlth   ++++         b - +6 ring of strength
HPRegen 1.10/turn    l - +6 ring of dexterity
MPRegen 0.13/turn

%: no passive effects
@: heroic
A: sickness immunity, AC +7, negative energy resistance 1, electricity
resistance, torment resistance 1, petrification resistance
a: Renounce Religion, Heroism


You were on level 8 of the Dungeon.
You worshipped Okawaru.
Okawaru was pleased with you.
You visited 1 branch of the dungeon, and saw 8 of its levels.
You also visited: Sewer.

You collected 622 gold pieces.


Innate Abilities, Weirdness & Mutations

You are immune to sickness and miasma.
Your stone body is resilient. (AC +7)
You are immune to poison.
You resist negative energy. (rN+)
You are resistant to electric shocks. (rElec)
You are resistant to unholy torment.
You are immune to petrification.


   Skills:
 - Level 8.5(13.5) Fighting
 + Level 11.0(16.0) Ranged Weapons
 - Level 4.3(9.3) Armour
 - Level 5.1(10.1) Dodging
 - Level 1.0 Spellcasting
 - Level 2.6 Hexes
 - Level 4.1 Invocations


You had 10 spell levels left.
You knew the following spells:

 Your Spells              Type           Power      Damage    Failure   Level
a - Slow                  Hex            36%        N/A       9%          1

Your spell library contained the following spells:

 Spells                   Type           Power      Damage    Failure   Level
 Inner Flame              Hex/Fire       5%         N/A       41%         3
 Portal Projectile        Hex/Tloc       10%        N/A       41%         3
 Cause Fear               Hex            4%         N/A       65%         4

Inventory:

Hand Weapons
 i - the +3 arbalest "Qeuciuh" (weapon) {speed, Int+3}
   (You acquired it in a sewer)

   Int:       It affects your intelligence (+3).
Armour
 d - the +0 pair of gloves of Miracles (worn) {Dex+8}
   (You found it on level 2 of the Dungeon)

   Dex:       It affects your dexterity (+8).
 e - a +0 troll leather armour (worn)
 f - a +0 cloak (worn)
Jewellery
 b - a +6 ring of strength (left hand)
 c - a ring of fire
 l - a +6 ring of dexterity (right hand)
Scrolls
 a - 5 scrolls of identify
 k - 4 scrolls of teleportation
 m - a scroll of enchant weapon
 n - a scroll of vulnerability {unknown}
Potions
 g - a potion of resistance
 h - 4 potions of curing
 j - 2 potions of might

Dungeon Overview and Level Annotations

Branches:
Dungeon (8/15)             Temple (0/1) D:6            Lair (0/5) D:8
  Sewer (visited)

Altars:
Elyvilon
Hepliaklqana
Kikubaaqudgha
Okawaru
Uskayaw
Vehumet
Wu Jian
Zin
The Shining One

Annotations:
D:2 1 runed translucent door, Crazy Yiuf
D:7 2 transporters, qw's ghost, novice GrFi


Message History

The bolt barely misses the centaur warrior.
A centaur warrior comes into view. It is wielding a +0 glaive.
The centaur warrior shoots an arrow.
The arrow closely misses you.
You shoot a bolt.
The bolt closely misses the centaur warrior.
The centaur warrior drinks a potion.
The centaur warrior flickers and vanishes!
Deactivating autopickup; reactivate with Ctrl-A.
The centaur warrior shoots an arrow.
The arrow misses you.
The howler monkey hoots and howls with incredible vigour!
A howler monkey comes into view.
You shoot a bolt. The bolt hits the centaur warrior!
The centaur warrior is heavily wounded.
The centaur warrior shoots an arrow.
The arrow barely misses you.
The howler monkey hoots and howls with incredible vigour!
You shoot a bolt. The bolt hits the centaur warrior!!!
You kill the centaur warrior!
Okawaru is honoured by your kill.
Your base Fighting skill increases to level 8!
You shoot a bolt. The bolt hits the howler monkey.
The howler monkey is lightly wounded.
You shoot a bolt.
You hear a bow twang.
An arrow appears from out of thin air!
The arrow hits you!
You shoot a bolt. The bolt hits the howler monkey!
The howler monkey is severely wounded.
You hear a bow twang.
An arrow appears from out of thin air!
The arrow hits you!!
You shoot a bolt. The bolt hits the howler monkey!!
You kill the howler monkey!
Okawaru accepts your kill.
You shoot a bolt. The bolt hits the howler monkey!!
You kill the howler monkey!
Okawaru accepts your kill.
You hear a bow twang.
An arrow appears from out of thin air!
The arrow closely misses you.
You shoot a bolt.
You hear a bow twang.
An arrow appears from out of thin air!
The arrow hits you!
You die...

......#...#.## #..............#..
#...#.##.##.# #..............#..
##.##.......# #..............#..
.........#######.......##..#+##..
###......##....#.......###. #..
.##......##)...%........ . #..
.%.........)).[#)......# #..
............##.#.......#
............+..#@...####
............####%..)#
##########.## #....# #.# .......
#.# ..#...#.. #.. #.#...#)#. .#
..#...# . .......


There were no monsters in sight!

Vanquished Creatures
  A centaur warrior (D:8)
  Maggie (D:7)
  A troll (D:8)
  A wyvern (D:7)
  A steam dragon (D:8)
  4 vampire mosquitoes (D:8)
  2 yaks (D:8)
  An acid dragon (D:8)
  A water moccasin (D:7)
  An orc warrior (D:8)
  Pargi (Sewer)
  3 sky beasts
  2 black bears
  2 wolves (D:8)
  An ogre (D:7)
  2 centaurs
  A phantom (D:6)
  6 bullfrogs
  2 gnoll sergeants
  5 scorpions
  4 electric eels (D:8)
  4 howler monkeys
  5 hounds
  5 jellies
  2 orc priests
  4 iguanas
  3 orc wizards
  10 gnolls
  12 adders
  A river rat (D:3)
  A shadow imp (D:7)
  2 white imps (D:8)
  4 ufetubi
  2 dart slugs (D:1)
  21 orcs
  9 endoplasms
  6 giant cockroaches
  9 goblins
  8 hobgoblins
  8 jackals
  5 quokkas
  7 ball pythons
  9 bats
  7 frilled lizards
  5 kobolds
  6 rats
198 creatures vanquished.

Notes
Turn   | Place    | Note
-------+----------+-------------------------------------------
     0 | D:1      | qw the Gargoyle Hexslinger began the quest for the Orb.
     0 | D:1      | Reached XP level 1. HP: 12/12 MP: 2/2
     0 | D:1      | 0 ||| qw: Version: 0.3-a-46-gb1f654a
     0 | D:1      | 0 ||| qw: Game counter: 1158
     0 | D:1      | 0 ||| qw: Melee chars always use a shield: true
     0 | D:1      | 0 ||| qw: God list: Okawaru
     0 | D:1      | 0 ||| qw: Allow faded altars: false
     0 | D:1      | 0 ||| qw: Do Orc after clearing Dungeon:15 true
     0 | D:1      | 0 ||| qw: Do second Lair branch before Depths: true
     0 | D:1      | 0 ||| qw: Lair rune preference: random
     0 | D:1      | 0 ||| qw: Goals: Normal
     0 | D:1      | 0 ||| PLANNING D:1-11
    34 | D:1      | You fall into a shaft and drop 1 floor!
    68 | D:2      | Reached XP level 2. HP: 16/16 MP: 3/3
   135 | D:2      | Reached skill level 3 in Ranged Weapons
   300 | D:2      | 300 ||| UPGRADING to +0 cloak.
   307 | D:2      | 307 ||| READING 2 scrolls labelled ANIDUIGOPP.
   308 | D:2      | 308 ||| READING scroll labelled ACYICILYMM.
   309 | D:2      | 309 ||| READING scroll labelled VUDUFO LAFYUMISK.
   310 | D:2      | 310 ||| DROPPING scroll of poison.
   346 | D:1      | Reached XP level 3. HP: 21/21 MP: 4/4
   772 | D:1      | 772 ||| UPGRADING to +0 pair of gloves.
   777 | D:1      | 777 ||| UPGRADING to +6 ring of strength.
   778 | D:1      | 778 ||| READING scroll labelled BOHAISTRECS.
   779 | D:1      | 779 ||| DRINKING 2 fuming blue potions.
   780 | D:1      | 780 ||| READING 3 scrolls of identify.
   780 | D:1      | 780 ||| IDENTIFYING bubbling black potion
   781 | D:1      | 781 ||| READING 2 scrolls of identify.
   781 | D:1      | 781 ||| IDENTIFYING bubbling red potion
   782 | D:1      | 782 ||| DROPPING potion of lignification.
   783 | D:1      | 783 ||| DROPPING potion of brilliance.
   808 | D:2      | Reached XP level 4. HP: 26/26 MP: 5/5
   950 | D:2      | Identified the +0 pair of gloves of Miracles {Dex+8}
  1153 | D:2      | Found a runed translucent door.
  1154 | D:2      | Noticed Crazy Yiuf
  1395 | D:2      | 1395 ||| UPGRADING to +0 pair of gloves of Miracles
                  | {Dex+8}.
  1405 | D:2      | 1405 ||| DROPPING +0 pair of gloves.
  1406 | D:2      | 1406 ||| READING scroll labelled DOQOITUVVEJ.
  1501 | D:3      | 1501 ||| PLANNING SEWER
  1533 | D:3      | Reached skill level 4 in Ranged Weapons
  1589 | D:3      | Found a glowing drain.
  1629 | D:3      | Found a glowing silver altar of Zin.
  1786 | D:3      | Found a faded altar of an unknown god.
  1927 | D:3      | Reached XP level 5. HP: 11/30 MP: 6/6
  2001 | D:3      | 2001 ||| READING scroll labelled ZEVUWN MUENIU.
  2002 | D:3      | 2002 ||| READING scroll labelled ZOUHEI RIMO IQO.
  2029 | Sewer    | Entered a sewer
  2111 | Sewer    | 2111 ||| Stepping ~*~*~tactically~*~*~ (water).
  2120 | Sewer    | Noticed Pargi
  2121 | Sewer    | 2121 ||| Stepping ~*~*~tactically~*~*~ (water).
  2124 | Sewer    | 2124 ||| Stepping ~*~*~tactically~*~*~ (water).
  2126 | Sewer    | 2126 ||| Stepping ~*~*~tactically~*~*~ (water).
  2128 | Sewer    | 2128 ||| Stepping ~*~*~tactically~*~*~ (water).
  2142 | Sewer    | HP: 6/30 [Pargi (3)]
  2143 | Sewer    | 2143 ||| READING scroll of teleportation.
  2144 | Sewer    | Killed Pargi
  2145 | Sewer    | Reached skill level 5 in Ranged Weapons
  2145 | Sewer    | Reached XP level 6. HP: 6/35 MP: 7/7
  2305 | Sewer    | 2305 ||| READING 2 scrolls labelled JESAON GUEDIOVURR.
  2306 | Sewer    | 2306 ||| READING scroll labelled SAQOFY JAOBEFU.
  2306 | Sewer    | Identified a scroll of acquirement
  2306 | Sewer    | 2306 ||| ACQUIRING +3 arbalest "Qeuciuh" {speed, Int+3}
  2306 | Sewer    | Acquired the +3 arbalest "Qeuciuh" {speed, Int+3}
  2308 | Sewer    | 2308 ||| SWAPPING to +3 arbalest "Qeuciuh" {speed, Int+3}.
  2309 | Sewer    | 2309 ||| DROPPING +2 sling.
  2310 | Sewer    | 2310 ||| READING scroll labelled MEAJ HOITZEAPT.
  2311 | Sewer    | 2311 ||| DRINKING 3 amethyst potions.
  2312 | Sewer    | 2312 ||| DROPPING scroll of butterflies.
  2321 | D:3      | 2321 ||| PLANNING D:1-11
  2353 | D:3      | Found an ornate altar of the Wu Jian Council.
  2472 | D:3      | 2472 ||| READING 2 scrolls of identify.
  2472 | D:3      | 2472 ||| IDENTIFYING golden potion
  2473 | D:3      | 2473 ||| DROPPING potion of attraction.
  2488 | D:4      | Reached skill level 3 in Fighting
  2878 | D:4      | Reached skill level 6 in Ranged Weapons
  2880 | D:4      | Reached skill level 1 in Armour
  3306 | D:4      | 3306 ||| UPGRADING to +0 ring mail.
  3316 | D:4      | 3316 ||| DROPPING +0 robe.
  3317 | D:4      | 3317 ||| UPGRADING to +6 ring of dexterity.
  3318 | D:4      | 3318 ||| READING scroll labelled QOYXZYTW VIMIOD.
  3319 | D:4      | 3319 ||| READING scroll labelled AHAUZOUPLO.
  3320 | D:4      | 3320 ||| DRINKING 3 pink potions.
  3321 | D:4      | 3321 ||| DROPPING 2 potions of invisibility.
  3369 | D:5      | Entered Level 5 of the Dungeon
  3390 | D:5      | Reached XP level 7. HP: 42/42 MP: 8/8
  3458 | D:5      | Found an iron altar of Okawaru.
  3459 | D:5      | 3459 ||| PLANNING OKAWARU WORSHIP
  3464 | D:5      | Became a worshipper of Warmaster Okawaru
  3465 | D:5      | 3465 ||| PLANNING D:1-11
  3600 | D:5      | Reached skill level 7 in Ranged Weapons
  3717 | D:5      | Noticed a +0 dagger
  3719 | D:5      | Noticed a +0 dagger
  3723 | D:5      | Found a hide-covered altar of Uskayaw.
  4291 | D:5      | Found a radiant altar of Vehumet.
  4294 | D:5      | 4294 ||| READING 3 scrolls of identify.
  4294 | D:5      | 4294 ||| IDENTIFYING grey potion
  4295 | D:5      | 4295 ||| DROPPING potion of berserk rage.
  4380 | D:6      | Reached XP level 8. HP: 48/48 MP: 9/9
  4618 | D:6      | Found a white marble altar of Elyvilon.
  4656 | D:6      | Reached skill level 8 in Ranged Weapons
  4706 | D:6      | Found a hazy altar of Hepliaklqana.
  4706 | D:6      | Found an ancient bone altar of Kikubaaqudgha.
  4920 | D:6      | Reached * piety under Okawaru
  5111 | D:6      | Reached skill level 3 in Dodging
  5111 | D:6      | Reached skill level 1 in Invocations
  5141 | D:6      | Found a staircase to the Ecumenical Temple.
  5484 | D:6      | 5484 ||| DRINKING 2 murky puce potions.
  5549 | D:7      | 5549 ||| INVOKING Heroism.
  5619 | D:7      | Noticed Maggie
  5622 | D:7      | 5622 ||| FLEEEEING.
  5626 | D:7      | 5626 ||| FLEEEEING.
  5632 | D:7      | 5632 ||| INVOKING Heroism.
  5633 | D:7      | Killed Maggie
  5634 | D:7      | Reached skill level 3 in Invocations
  5634 | D:7      | Reached XP level 9. HP: 26/54 MP: 7/11
  5754 | D:7      | 5754 ||| INVOKING Heroism.
  5756 | D:7      | Reached skill level 9 in Ranged Weapons
  5831 | D:7      | Reached skill level 6 in Fighting
  5926 | D:7      | 5926 ||| Stepping ~*~*~tactically~*~*~ (outnumbered).
  5970 | D:7      | Found a transporter.
  5973 | D:7      | Noticed qw's ghost (novice GrFi)
  5975 | D:7      | Found a transporter.
  5998 | D:7      | Found a glowing golden altar of the Shining One.
  6051 | D:7      | Reached ** piety under Okawaru
  6066 | D:7      | 6066 ||| INVOKING Heroism.
  6123 | D:7      | Reached skill level 10 in Ranged Weapons
  6259 | D:7      | 6259 ||| UPGRADING to +0 swamp dragon scales.
  6269 | D:7      | 6269 ||| DROPPING +0 ring mail.
  6299 | D:8      | 6299 ||| INVOKING Heroism.
  6307 | D:8      | Reached skill level 3 in Armour
  6319 | D:8      | 6319 ||| INVOKING Heroism.
  6383 | D:8      | Found a staircase to the Lair.
  6383 | D:8      | Noticed a troll
  6384 | D:8      | 6384 ||| INVOKING Heroism.
  6387 | D:8      | Killed a troll
  6388 | D:8      | Reached XP level 10. HP: 63/63 MP: 10/13
  6414 | D:8      | 6414 ||| INVOKING Heroism.
  6454 | D:8      | 6454 ||| INVOKING Heroism.
  6499 | D:8      | 6499 ||| FLEEEEING.
  6500 | D:8      | 6500 ||| STAIRDANCE
  6532 | D:7      | 6532 ||| UPGRADING to +0 troll leather armour.
  6542 | D:7      | 6542 ||| DROPPING +0 swamp dragon scales.
  6585 | D:8      | 6585 ||| INVOKING Heroism.
  6708 | D:8      | Reached skill level 11 in Ranged Weapons
  6711 | D:8      | 6711 ||| Stepping ~*~*~tactically~*~*~ (outnumbered).
  6713 | D:8      | 6713 ||| Stepping ~*~*~tactically~*~*~ (outnumbered).
  6741 | D:8      | Noticed a centaur warrior
  6744 | D:8      | 6744 ||| INVOKING Heroism.
  6747 | D:8      | Noticed a centaur warrior
  6750 | D:8      | Killed a centaur warrior
  6753 | D:8      | HP: 7/65 [something (18)]
  6756 | D:8      | Shot with an arrow by something

Levels and vault maps discovered:
D:1:      psy_arrival_dodecagon, layout_basic
D:2:      layout_basic, uniq_crazy_yiuf_cottage
D:3:      layout_loops_cross, mainiacjoe_overflow_small_starburst,
          lemuel_round_altar, ebering_ecumenical_altar_box, portal_sewer_entry_c
D:4:      layout_basic, minivault_24
D:5:      layout_basic, dancing_weapons_uskayaw, lemuel_tele_altar,
          okawaru_ov_weapons_minmay
D:6:      layout_layer_cave, nicolae_overflow_two_pavilions,
          mainiacjoe_overflow_paths, temple_hall_moat
D:7:      layout_basic, pf_just_have_faith, gammafunk_ghost_arena, uniq_maggie
D:8:      cheibrodos_fzero, layout_basic, erik_lair_island,
          hangedman_decor_clover_reticule

Skill      XL: |  1  2  3  4  5  6  7  8  9 10 |
---------------+-------------------------------+-----
Ranged Weapons | 3 4 5 6 7 8 10 11 | 11.0
Fighting       | 2 3 4 5 7 8 |  8.5
Dodging        | 2 3 4 5 |  5.1
Armour         | 1 2 3 4 |  4.3
Invocations    | 3 4 |  4.1
Spellcasting   | |  1.0
Hexes          | |  2.6

Action                     |  1- 3 |  4- 6 |  7- 9 | 10-12 || total
---------------------------+-------+-------+-------+-------++-------
   Fire: Sling             |   119 |   118 |       |       ||   237
         Arbalest          |       |    43 |   180 |    80 ||   303
 Invoke: Heroism           |       |       |     7 |     4 ||    11
    Use: Scroll            |     6 |    10 |     1 |       ||    17
         Potion            |     1 |     2 |     1 |       ||     4
 Armour: Robe              |    17 |    76 |       |       ||    93
         Ring mail         |       |       |    31 |       ||    31
         Swamp dragon scal |       |       |     2 |     1 ||     3
         Troll leather arm |       |       |       |     2 ||     2
  Dodge: Dodged            |    41 |   100 |    37 |    15 ||   193

Table legend:
 A = Non-vault XP
 B = Vault XP
 C = Vault XP percentage of total XP
 D = Non-vault monster count
 E = Vault monster count
 F = Vault count percentage of total count
                 A         B        C        D         E       F
            +---------+---------+-------+---------+---------+-------
      Total |    4739 |    3157 |  40.0 |     163 |      35 |  17.7
            +---------+---------+-------+---------+---------+-------
        D:1 |      51 |       0 |   0.0 |      27 |       0 |   0.0
        D:2 |      39 |       0 |   0.0 |      16 |       0 |   0.0
        D:3 |      64 |      19 |  22.9 |      22 |       6 |  21.4
        D:4 |     209 |       0 |   0.0 |      17 |       0 |   0.0
        D:5 |     579 |       0 |   0.0 |      33 |       0 |   0.0
        D:6 |     646 |       0 |   0.0 |      10 |       0 |   0.0
        D:7 |    1430 |     437 |  23.4 |      18 |       1 |   5.3
        D:8 |    1721 |    2521 |  59.4 |      20 |      19 |  48.7
      Sewer |       0 |     180 | 100.0 |       0 |       9 | 100.0
            +---------+---------+-------+---------+---------+-------
